AoeStats
← ItsRiZeTV

Black Forest

509149716Analyzed
4v4 RM · 5d ago on Sep 25, 2026· 73m 58s· 8 players
Game mode
Random Map
Map size
Large (8 player)
Population
200
Speed
Normal
Resources
Standard
Victory
Conquest
Starting age
Dark Age
Ending age
Imperial Age
RankedLock teamsTeams togetherTeam positionsShared explorationLock speedFull tech treeHidden civsTurbo modeCheats
Victory
Defeat
🇩🇪 Franks · Germany
778
+17
🇩🇪 Japanese · Germany
737
+19
🇷🇺 Byzantines · Russia
737
+19
🇳🇱 Italians · Netherlands
736
+19
🇩🇪 Saxons · Germany
952
-25
🇺🇸 Saracens · United States
798
-18
🇵🇰 Celts · Pakistan
748
-16
🇩🇪 Koreans · Germany
705
-15
I am your daddy
2:05 Loom
12:27 Feudal Age
17:51 Double-Bit Axe
22:00 Castle Age
20:25 Gold Mining
23:03 Scale Barding Armor
22:59 Padded Archer Armor
22:49 Fletching
23:18 Scale Mail Armor
23:51 Bow Saw
23:55 Squires
23:41 Arson
26:58 Wheelbarrow
29:01 Pikeman
30:23 Coinage
29:53 Caravan
30:09 Stone Mining
33:04 Gold Shaft Mining
33:29 Fortified Wall
33:38 Treadmill Crane
34:18 Leather Archer Armor
34:09 Ordonnance Companies
35:01 Guard Tower
36:22 Chain Barding Armor
36:05 Bodkin Arrow
36:25 Chain Mail Armor
37:16 Ballistics
37:01 Siphons
37:07 Clinker Construction
37:08 Careening
40:53 Imperial Age
38:48 Masonry
39:20 Hand Cart
40:19 Murder Holes
41:01 Forging
41:58 Conscription
42:49 Chemistry
42:24 Banking
42:21 Carvel Hull
41:53 Arrowslits
42:40 Architecture
43:22 Plate Barding Armor
43:22 Iron Casting
43:54 Chivalry
44:31 Dry Dock
44:56 Elite Throwing Axeman
47:00 Town Watch
48:24 Plate Mail Armor
48:54 Blast Furnace
49:40 Husbandry
49:01 Cavalier
50:42 Paladin
52:13 Siege Engineers
55:14 Hoardings
58:32 Town Patrol
71:46 Heavy Scorpion
71:46 Capped Ram
71:51 Light Cavalry
72:58 Illumination
Catholic King ArmandoNL
0:25 Loom
13:27 Feudal Age
13:52 Double-Bit Axe
13:48 Horse Collar
26:37 Castle Age
25:34 Man-at-Arms
26:06 Gold Mining
26:07 Stone Mining
27:57 Bow Saw
31:35 Fortified Wall
33:33 Town Watch
34:23 Wheelbarrow
35:56 Silk Road
35:47 Heavy Plow
36:45 Hand Cart
36:50 Caravan
40:48 Imperial Age
40:15 Scale Mail Armor
40:20 Scale Barding Armor
40:26 Forging
40:16 Padded Archer Armor
40:06 Fletching
39:40 Pikeman
40:21 Squires
40:32 Bloodlines
39:45 Elite Skirmisher
41:18 Murder Holes
41:33 Masonry
41:44 Ballistics
42:31 Chemistry
43:03 Conscription
43:20 Hoardings
42:47 Capped Ram
43:49 Thumb Ring
45:31 Two-Man Saw
45:08 Cavalier
45:49 Husbandry
45:10 Light Cavalry
47:04 Chain Barding Armor
46:59 Chain Mail Armor
47:09 Leather Archer Armor
47:57 Architecture
48:29 Thumb Ring
48:51 Bodkin Arrow
49:49 Iron Casting
49:23 Arrowslits
49:34 Crossbowman
51:46 Town Patrol
51:36 Onager
55:41 Arbalester
56:11 Arson
55:47 Long Swordsman
55:53 Elite Genoese Crossbowman
58:52 Plate Barding Armor
58:47 Plate Mail Armor
58:47 Ring Archer Armor
58:18 Bracer
59:18 Blast Furnace
61:31 Two-Handed Swordsman
62:07 Hussar
70:00 Sanctity
69:55 Block Printing
69:50 Fervor
69:53 Redemption
70:19 Theocracy
70:18 Illumination
72:40 Atonement
72:40 Devotion
72:36 Herbal Medicine
woojt92
8:55 Loom
15:03 Feudal Age
16:28 Wheelbarrow
15:39 Town Watch
15:41 Double-Bit Axe
15:40 Horse Collar
15:57 Gold Mining
15:58 Stone Mining
21:29 Castle Age
21:38 Forging
21:28 Scale Mail Armor
21:23 Fletching
22:40 Hand Cart
22:41 Bow Saw
22:34 Heavy Plow
23:43 Gold Shaft Mining
25:41 Treadmill Crane
29:52 Iron Casting
29:37 Chain Mail Armor
29:55 Squires
29:41 Arson
34:52 Imperial Age
33:03 Bodkin Arrow
34:55 Guard Tower
35:03 Elite Samurai
37:48 Two-Man Saw
37:02 Fortified Wall
38:04 Blast Furnace
37:35 Plate Mail Armor
37:06 Bracer
38:05 Yasama
38:05 Murder Holes
38:31 Ballistics
39:50 Keep
40:18 Chemistry
39:06 Arrowslits
40:25 Capped Ram
46:19 Kataparuto
49:02 Hoardings
63:57 Town Patrol
71:20 Masonry
71:16 Siege Engineers
Dendoshi
10:57 Feudal Age
11:40 Horse Collar
11:50 Double-Bit Axe
18:28 Castle Age
16:35 Gold Mining
20:22 Caravan
21:04 Bow Saw
22:13 Wheelbarrow
27:42 Imperial Age
27:29 Ballistics
28:17 Squires
27:39 Pikeman
29:24 Chemistry
29:10 Arson
29:58 Forging
29:48 Scale Mail Armor
29:54 Scale Barding Armor
29:26 Halberdier
40:06 Conscription
AranGOOOL
14:33 Feudal Age
18:19 Horse Collar
19:59 Double-Bit Axe
24:36 Fletching
26:57 Castle Age
25:12 Gold Mining
29:10 Crossbowman
32:44 Bodkin Arrow
37:33 Forging
37:31 Scale Barding Armor
37:28 Scale Mail Armor
41:06 Imperial Age
41:58 Iron Casting
44:30 Elite Fire Lancer
46:58 Chain Mail Armor
47:34 Gold Shaft Mining
49:01 Chemistry
48:23 Ballistics
49:09 Wheelbarrow
49:31 Elite War Wagon
58:34 Bow Saw
58:45 Hand Cart
61:50 Plate Mail Armor
61:32 Bracer
64:41 Heavy Rocket Cart
ItsRiZeTV
8:35 Loom
11:03 Feudal Age
11:33 Horse Collar
11:41 Double-Bit Axe
17:49 Castle Age
16:24 Stone Mining
18:29 Wheelbarrow
20:21 Gold Mining
21:27 Heavy Plow
24:30 Hand Cart
24:41 Town Watch
27:02 Gold Shaft Mining
27:47 Bloodlines
27:37 Husbandry
28:27 Bow Saw
29:13 Town Patrol
29:25 Light Cavalry
31:19 Scale Barding Armor
31:25 Forging
34:31 Imperial Age
34:39 Chain Barding Armor
34:54 Iron Casting
35:37 Conscription
38:44 Hussar
38:55 Elite Mameluke
42:49 Plate Barding Armor
42:49 Iron Casting
43:11 Counterweights
46:01 Two-Man Saw
47:25 Hoardings
48:02 Blast Furnace
49:21 Heavy Camel Rider
51:11 Heavy Camel Rider
55:40 Onager
68:30 Squires
68:08 Man-at-Arms
68:34 Gambesons
68:35 Arson
69:25 Long Swordsman
69:28 Pikeman
jaskabaska
1:11 Loom
13:00 Feudal Age
16:32 Castle Age
15:20 Double-Bit Axe
15:18 Horse Collar
18:20 Wheelbarrow
17:31 Town Watch
18:00 Bow Saw
23:53 Heavy Plow
24:04 Town Patrol
25:30 Hand Cart
30:56 Imperial Age
29:17 Scale Mail Armor
29:31 Forging
30:26 Chain Mail Armor
30:36 Gold Mining
31:24 Iron Casting
32:05 Gold Shaft Mining
32:37 Plate Mail Armor
32:32 Conscription
32:09 Gambesons
32:26 Squires
32:12 Arson
32:17 Elite Hearth Troop
32:19 Shield Wall
33:20 Fletching
34:37 Two-Man Saw
34:57 Bodkin Arrow
36:30 Crop Rotation
37:22 Hoardings
38:13 Bracer
39:16 Chemistry
39:05 Caravan
39:36 Coinage
41:06 Ballistics
41:01 Masonry
40:40 Arrowslits
45:38 Architecture
45:33 Block Printing
45:22 Atonement
45:52 Illumination
46:06 Theocracy
46:40 Heresy
46:43 Sanctity
46:37 Redemption
46:40 Devotion
46:37 Clerical Recruitment
51:17 Banking
56:52 Pikeman
60:20 Halberdier
komailvidz
0:39 Loom
14:46 Feudal Age
16:42 Wheelbarrow
15:52 Town Watch
17:08 Double-Bit Axe
17:11 Horse Collar
17:27 Stone Mining
17:28 Gold Mining
22:15 Castle Age
22:25 Scale Barding Armor
22:21 Scale Mail Armor
22:31 Forging
22:12 Fletching
22:23 Padded Archer Armor
23:37 Town Patrol
23:53 Caravan
25:02 Fervor
26:29 Bow Saw
29:29 Hand Cart
33:39 Heavy Plow
36:40 Imperial Age
35:03 Stronghold
36:56 Chain Barding Armor
36:52 Chain Mail Armor
37:12 Iron Casting
39:35 Fortified Wall
40:26 Chemistry
39:46 Ballistics
39:17 Heated Shot
41:47 Plate Mail Armor
41:32 Leather Archer Armor
41:13 Bodkin Arrow
42:19 Blast Furnace
42:15 Stone Shaft Mining
42:15 Gold Shaft Mining
42:46 Heavy Scorpion
44:10 Furor Celtica
44:02 Pikeman
45:55 Onager
47:02 Cavalier
47:42 Husbandry
49:33 Paladin
50:10 Guard Tower
50:06 Arrowslits
50:18 Murder Holes
50:33 Masonry
51:46 Ring Archer Armor
55:00 Coinage
54:41 Guilds
53:58 Light Cavalry
58:13 Halberdier
68:18 Hussar
Connection lost

Rejoining the realm…

Still unreachable

The connection could not be restored.

Session expired

The server has moved on; the page needs a fresh start.